 Dungeon Crawl Stone Soup version 0.23.1-37-gaa34b87 (webtiles) character file.

Game seed: 1364851923332467512

8892 night the Destroyer (level 11, -9/74 HPs)
             Began as a Grey Draconian Conjurer on Mar 27, 2019.
             Was a Believer of Vehumet.
             Mangled by a red ugly thing (16 damage)
             ... on level 8 of the Dungeon.
             The game lasted 00:59:56 (13919 turns).

night the Destroyer (Grey Draconian Conjurer)      Turns: 13919, Time: 00:59:57

Health: -9/74      AC: 13    Str: 12    XL:     11   Next: 15%
Magic:  24/25      EV: 12    Int: 18    God:    Vehumet [**....]
Gold:   646        SH:  0    Dex: 11    Spells: 13/31 levels left

rFire    . . .     SeeInvis .   a - +0 whip (elec)
rCold    . . .     Gourm    .   (no shield)
rNeg     . . .     Faith    .   (armour unavailable)
rPois    .         Spirit   .   (helmet restricted)
rElec    .         Reflect  .   (no cloak)
rCorr    .         Harm     .   h - +0 pair of gloves
MR       .....                  (no boots)
Stlth    ++........             q - amulet of magic regeneration
HPRegen  0.22/turn              (no ring)
MPRegen  0.44/turn              (no ring)

@: about to teleport
A: walk through water, unfitting armour, unbreathing, cold-blooded, AC +12
a: Renounce Religion


You were on level 8 of the Dungeon.
You worshipped Vehumet.
Vehumet was pleased with you.
You were not hungry.

You visited 2 branches of the dungeon, and saw 13 of its levels.

You collected 646 gold pieces.

Inventory:

Hand Weapons
 a - a +0 whip of electrocution (weapon)
 b - a +0 shortbow of freezing
 j - a +0 mace
 B - a +2 glaive of venom
 C - a +1 whip of pain
Missiles
 c - 374 stones (quivered)
 f - 213 arrows
 t - 2 throwing nets
Armour
 h - a +0 pair of gloves (worn)
Jewellery
 q - an amulet of magic regeneration (around neck)
 x - an uncursed ring of ice
Wands
 A - a wand of paralysis (8)
 E - a wand of polymorph (11)
 F - a wand of flame (31)
 G - a wand of enslavement (9)
 J - a wand of acid (8)
 K - a wand of iceblast (13)
 M - a wand of random effects (19)
Scrolls
 k - 4 scrolls of teleportation
 l - 3 scrolls of blinking
 m - a scroll of brand weapon {unknown}
 n - 8 scrolls of identify
 p - 4 scrolls of remove curse
 r - a scroll of enchant armour {unknown}
 y - a scroll of immolation {unknown}
 I - a scroll of amnesia {unknown}
Potions
 d - 3 potions of brilliance {unknown}
 e - 2 potions of might {unknown}
 g - 2 potions of cancellation {unknown}
 i - 7 potions of curing
 o - 4 potions of heal wounds {unknown}
 s - 2 potions of magic {unknown}
 u - a potion of degeneration {unknown}
 v - a potion of lignification {unknown}
 w - a potion of invisibility {unknown}
 D - a potion of agility {unknown}
 H - 2 potions of ambrosia {unknown}
 L - a potion of flight {unknown}
 O - a potion of resistance
Comestibles
 z - 10 rations
 N - a chunk of flesh


   Skills:
 - Level 1.7 Dodging
 - Level 1.7 Stealth
 + Level 10.6 Spellcasting
 + Level 11.9 Conjurations
 - Level 5.6 Hexes
 * Level 2.0 Fire Magic


You had 13 spell levels left.
You knew the following spells:

 Your Spells              Type           Power        Failure   Level  Hunger
a - Magic Dart            Conj           ####         1%          1    None
b - Searing Ray           Conj           ######       1%          2    None
c - Iskenderun's Mystic   Conj           ######..     1%          4    ##.....
d - Fulminant Prism       Conj/Hex       #####.....   1%          4    ##.....
e - Dazzling Spray        Conj/Hex       #####.       1%          3    None
f - Confuse               Hex            ####....     2%          3    None
g - Flame Tongue          Conj/Fire      ####.        1%          1    None

Your spell library contained the following spells:

 Spells                   Type           Power        Failure   Level  Hunger
 Confusing Touch          Hex            ####..       1%          1    None
 Corona                   Hex            ####...      1%          1    None
 Shock                    Conj/Air       ####         1%          1    None
 Static Discharge         Conj/Air       ####....     1%          3    None
 Tukima's Dance           Hex            ####....     2%          3    None
 Ensorcelled Hibernation  Hex/Ice        ###...       3%          2    None
 Force Lance              Conj/Tloc      ####....     6%          4    ##.....
 Summon Guardian Golem    Hex/Summ       ###.....     7%          3    None
 Animate Skeleton         Necr           N/A          8%          1    None
 Pain                     Necr           #...         8%          1    None
 Summon Small Mammal      Summ           #...         8%          1    None
 Call Imp                 Summ           #.......     12%         2    None
 Swiftness                Chrm/Air       #.......     12%         2    None
 Lightning Bolt           Conj/Air       ####......   19%         5    #####..
 Call Canine Familiar     Summ           #.......     22%         3    None
 Gell's Gravitas          Tloc           #.........   22%         3    None
 Regeneration             Chrm/Necr      #.........   22%         3    None
 Vampiric Draining        Necr           #.........   22%         3    None
 Metabolic Englaciation   Hex/Ice        ###.......   54%         5    #####..
 Yara's Violent Unravell  Hex/Tmut       ###.......   54%         5    #####..
 Airstrike                Air            #.........   58%         4    ##.....
 Animate Dead             Necr           N/A          58%         4    ##.....
 Petrify                  Tmut/Erth      #.......     58%         4    ##.....
 Summon Ice Beast         Ice/Summ       #.......     58%         4    ##.....
 Summon Lightning Spire   Summ/Air       #.......     58%         4    ##.....


Dungeon Overview and Level Annotations

Branches:
Dungeon (12/15)            Temple (1/1) D:7
   Lair: D:8-11         Orc: D:9-12

Altars:
Ashenzari
Cheibriados
Dithmenos
Elyvilon
Fedhas
Gozag
Hepliaklqana
Kikubaaqudgha
Makhleb
Nemelex Xobeh
Okawaru
Qazlal
Ru
Sif Muna
Trog
Uskayaw
Vehumet
Wu Jian
Xom
Yredelemnul
Zin
The Shining One

Shops:
D:5 :


Innate Abilities, Weirdness & Mutations

You can walk through water.
Your dull iron-grey scales are very hard. (AC +12)
You cannot fit into any form of body armour.
You can survive without breathing.
You are cold-blooded and may be slowed by cold attacks.


Message History

The red ugly thing barely misses you.
You climb upwards.
There is a stone staircase leading down here.
The red ugly thing closely misses you.
Okay, then.
Casting: Searing Ray (safe; 1% risk of failure)
Confirm with . or Enter, or press ? or * to list all spells.
Aiming: Searing Ray (safe; 1% risk of failure)
Press: ? - help, Shift-Dir - straight line, f - red ugly thing
Aim: a red ugly thing The searing ray hits the red ugly thing.
The red ugly thing is lightly wounded. (Press . to maintain the ray.)
The red ugly thing kicks you!
You are engulfed in flames!
* * * LOW HITPOINT WARNING * * *
As you read the scroll of teleportation, it crumbles to dust.
You feel strangely unstable. The red ugly thing kicks you!
* * * LOW HITPOINT WARNING * * *
You are engulfed in flames!
You die...

#.# #.##.#...##.
#.# #.##.....##.
#.# #.####..###.
#.# #.####..###.
###.###...........
#>....#####.....##
#.#.#.# #.....##
#u#.#.# #.......
#@#.#.# #.....##
#.#.#.# #.....#
#.#.#.# #######
#.....# ###.###
#.# ##### #.###
#...# #...#
###...###
###.####.......#


You could see a red ugly thing.

Vanquished Creatures
  A two-headed ogre (D:8)
  Pikel (D:5)
  A manticore (D:11)
  A cyclops (D:11)
  Psyche (D:8)
  A troll (D:11)
  A hornet (D:7)
  2 hippogriffs
  A vampire (D:11)
  A wraith (D:10)
  A wyvern (D:5)
  2 hungry ghosts
  2 wargs
  Menkaure (D:6)
  5 ice beasts
  3 sky beasts
  A phantom (D:5)
  5 orc warriors
  4 ogres
  3 centaurs
  4 bullfrogs
  A water moccasin skeleton (D:5)
  3 scorpions
  10 killer bees
  3 wights (D:8)
  5 howler monkeys
  8 crimson imps
  5 hounds
  A centaur skeleton (D:4)
  4 centaur zombies
  A gnoll shaman (D:7)
  4 orc priests
  A jelly (D:11)
  3 iguanas
  11 orc wizards
  14 worker ants
  A hound zombie (D:10)
  A hound skeleton (D:4)
  Robin (D:2)
  10 gnolls
  12 adders
  3 shadow imps
  3 oozes
  2 adder zombies (D:6)
  An adder skeleton (D:10)
  2 worms
  2 dart slugs (D:1)
  5 leopard geckos
  33 orcs
  4 bats
  4 giant cockroaches
  20 goblins
  4 hobgoblins
  4 jackals
  6 quokkas
  A ball python (D:7)
  A ball python skeleton (D:5)
  2 frilled lizards
  A giant cockroach zombie (D:5)
  6 kobolds
  A leopard gecko skeleton (D:4)
  A quokka skeleton (D:6)
  7 rats
  A fulminant prism (D:11)
255 creatures vanquished.

Vanquished Creatures (others)
  A slave (D:6)
  2 adders (D:6)
  An adder zombie (D:6)
  31 fulminant prisms
35 creatures vanquished.

Grand Total: 290 creatures vanquished

Notes
Turn   | Place    | Note
-------+----------+-------------------------------------------
     0 | D:1      | night the Draconian Conjurer began the quest for the Orb.
     0 | D:1      | Reached XP level 1. HP: 14/14 MP: 3/3
   365 | D:1      | Reached XP level 2. HP: 20/20 MP: 1/5
  1415 | D:2      | Learned a level 2 spell: Searing Ray
  1428 | D:2      | Reached XP level 3. HP: 26/26 MP: 4/7
  1880 | D:2      | Noticed Robin
  1941 | D:2      | Killed Robin
  1941 | D:2      | Reached XP level 4. HP: 33/33 MP: 2/8
  2182 | D:2      | Learned a level 4 spell: Iskenderun's Mystic Blast
  2235 | D:2      | Reached skill level 5 in Conjurations
  3165 | D:4      | Reached XP level 5. HP: 38/38 MP: 1/10
  3228 | D:4      | Noticed an ogre
  3255 | D:4      | Killed an ogre
  3461 | D:4      | Learned a level 4 spell: Fulminant Prism
  3529 | D:4      | Noticed Edmund
  3552 | D:4      | Noticed Edmund
  3552 | D:4      | Edmund changed into Edmund the ooze
  3553 | D:4      | Killed Edmund the ooze
  4109 | D:4      | Reached XP level 6. HP: 45/45 MP: 7/12
  4297 | D:4      | Reached skill level 1 in Hexes
  4350 | D:4      | Reached skill level 6 in Conjurations
  5374 | D:5      | Entered Level 5 of the Dungeon
  5428 | D:5      | Noticed an orc warrior
  5441 | D:5      | Your scales start taking on a dull iron-grey colour.
  5441 | D:5      | Reached XP level 7. HP: 44/50 MP: 1/14
  5441 | D:5      | Gained mutation: You can survive without breathing. [Grey
                  | Draconian growth]
  5630 | D:5      | Reached skill level 5 in Spellcasting
  6031 | D:5      | Learned a level 3 spell: Dazzling Spray
  6051 | D:5      | Noticed a wyvern
  6061 | D:5      | Killed a wyvern
  6156 | D:5      | Reached skill level 7 in Conjurations
  6157 | D:5      | Reached XP level 8. HP: 53/57 MP: 2/16
  6747 | D:5      | Found Semya's Book Shop.
  7080 | D:6      | Noticed Pikel
  7263 | D:5      | Killed Pikel
  7263 | D:5      | Reached skill level 8 in Conjurations
  7263 | D:5      | Reached skill level 5 in Hexes
  7350 | D:6      | Noticed Menkaure
  7529 | D:6      | Killed Menkaure
  7529 | D:6      | Reached XP level 9. HP: 33/62 MP: 14/19
  8242 | D:6      | Learned a level 3 spell: Confuse
  8577 | D:6      | Found a shimmering altar of Xom.
  8577 | D:6      | Found a hazy altar of Hepliaklqana.
  8578 | D:6      | Found a sacrificial altar of Ru.
  8645 | D:7      | Paralysed by a hornet for 2 turns
  8944 | D:7      | Reached skill level 9 in Conjurations
  9003 | D:7      | Found a staircase to the Ecumenical Temple.
  9413 | Temple   | Entered the Ecumenical Temple
  9762 | D:8      | Found a radiant altar of Vehumet.
  9768 | D:8      | Became a worshipper of Vehumet
 10831 | D:8      | Found a basalt altar of Yredelemnul.
 10989 | D:8      | Noticed a two-headed ogre
 11004 | D:8      | Killed a two-headed ogre
 11004 | D:8      | Reached skill level 10 in Conjurations
 11004 | D:8      | Reached XP level 10. HP: 29/69 MP: 20/22
 11572 | D:8      | Noticed Psyche
 11581 | D:8      | Killed Psyche
 11765 | D:9      | Found an opulent altar of Gozag.
 11850 | D:9      | You fall through a shaft for 3 floors!
 11943 | D:11     | Noticed a manticore
 11949 | D:11     | Reached * piety under Vehumet
 11949 | D:11     | Offered knowledge of Shock by Vehumet.
 11967 | D:11     | Killed a manticore
 12025 | D:11     | Reached skill level 11 in Conjurations
 12036 | D:11     | Noticed a cyclops
 12054 | D:11     | Killed a cyclops
 12254 | D:11     | Found a blossoming altar of Fedhas.
 12277 | D:11     | Reached skill level 10 in Spellcasting
 12583 | D:10     | Entered Level 10 of the Dungeon
 12942 | D:10     | Offered knowledge of Flame Tongue by Vehumet.
 12945 | D:10     | Learned a level 1 spell: Flame Tongue
 13020 | D:10     | Reached ** piety under Vehumet
 13023 | D:10     | Reached XP level 11. HP: 74/74 MP: 9/25
 13430 | D:10     | Reached skill level 1 in Fire Magic
 13804 | D:9      | Noticed a red ugly thing
 13919 | D:8      | Mangled by a red ugly thing

Skill      XL: |  1  2  3  4  5  6  7  8  9 10 11 |
---------------+----------------------------------+-----
Spellcasting   | 3 4 5 6 8 10 | 10.6
Conjurations   | 5 6 7 8 10 11 | 11.9
Hexes          | 2 3 5 |  5.6
Fire Magic     | 2 |  2.0
Dodging        | |  1.7
Stealth        | |  1.7

Action                   |  1- 3 |  4- 6 |  7- 9 | 10-12 || total
-------------------------+-------+-------+-------+-------++-------
Melee: Mace              |    26 |    47 |    41 |       ||   114
       Tailslap          |     4 |     5 |    19 |     4 ||    32
       Whip              |       |       |   132 |    65 ||   197
       Glaive            |       |       |     3 |       ||     3
 Fire: Shortbow          |       |       |     2 |       ||     2
 Cast: Magic Dart        |    66 |    66 |   195 |   218 ||   545
       Searing Ray       |     1 |    11 |    19 |    11 ||    42
       Iskenderun's Myst |       |     1 |     3 |    27 ||    31
       Fulminant Prism   |       |     4 |    10 |    18 ||    32
       Dazzling Spray    |       |       |     5 |     1 ||     6
       Confuse           |       |       |    10 |     5 ||    15
       Flame Tongue      |       |       |       |     4 ||     4
Evoke: Wand              |       |     2 |       |       ||     2
  Use: Scroll            |     3 |       |     4 |     1 ||     8
 Stab: Invisible         |       |       |     1 |       ||     1
       Confused          |       |       |     1 |       ||     1
  Eat: Chunk             |     4 |    11 |    14 |    16 ||    45
       Ration            |       |       |     2 |       ||     2
Armor: Skin              |     6 |    27 |   113 |    54 ||   200
Dodge: Dodged            |    15 |    67 |   195 |    95 ||   372
